 Dungeon Crawl Stone Soup version 0.21-a0-504-g2eda330 (webtiles) character file.

32 slep the Skirmisher (level 3, 0/29 HPs)
             Began as a Demonspawn Monk on Nov 26, 2017.
             Slain by a bullfrog (6 damage)
             ... on level 2 of the Dungeon.
             The game lasted 00:03:24 (770 turns).

slep the Skirmisher (Demonspawn Monk)                Turns: 770, Time: 00:03:24

Health: 0/29       AC:  3    Str: 11    XL:     3   Next: 8%
Magic:  3/3        EV: 13    Int: 11    God:
Gold:   73         SH:  0    Dex: 16    Spells: 2/2 levels left

rFire    . . .     SeeInvis .   a - +0 spear
rCold    . . .     Gourm    .   (no shield)
rNeg     . . .     Faith    .   g - +0 leather armour
rPois    .         Spirit   .   (no helmet)
rElec    .         Reflect  .   (no cloak)
rCorr    .         Harm     .   (no gloves)
MR       .....                  (no boots)
Stlth    ++........             (no amulet)
HPRegen  0.09/turn              (no ring)
MPRegen  0.08/turn              (no ring)

@: no status effects
A: powered by pain 1
a: no special abilities


You were on level 2 of the Dungeon.
You were not hungry.

You visited 1 branch of the dungeon, and saw 2 of its levels.

You collected 73 gold pieces.

Inventory:

Hand Weapons
 a - a +0 spear (weapon)
Armour
 b - a +0 robe
 g - a +0 leather armour (worn)
Scrolls
 e - a scroll of immolation {unknown}
 f - a scroll of magic mapping {unknown}
 h - a scroll of enchant weapon {unknown}
 j - 3 scrolls of random uselessness {unknown}
Potions
 d - a potion of flight {unknown}
 i - a potion of might {unknown}
Comestibles
 c - a bread ration


   Skills:
 + Level 3.2 Fighting
 + Level 3.1 Polearms
 + Level 0.5 Armour
 + Level 3.1 Dodging
 + Level 2.0 Stealth


You had 2 spell levels left.
You didn't know any spells.

Dungeon Overview and Level Annotations

Branches:
Dungeon (2/15)

Altars:


Innate Abilities, Weirdness & Mutations

You sometimes gain a little power by taking damage.


Message History

The bullfrog gives a loud, deep croak!
A ball python comes into view.
The ball python moves out of view.
The bullfrog closely misses you. The bullfrog misses you.
The bullfrog hits you.
You hit the bullfrog but do no damage. The bullfrog closely misses you.
You hit the bullfrog.
The bullfrog is lightly wounded.
The bullfrog closely misses you. x2
You closely miss the bullfrog.
The bullfrog is lightly wounded.
The bullfrog closely misses you.
You closely miss the bullfrog.
The bullfrog is lightly wounded.
The bullfrog misses you. The bullfrog hits you!
* * * LOW HITPOINT WARNING * * *
You barely miss the bullfrog.
The bullfrog is lightly wounded.
The bullfrog hits you.
You die...

#...###..... #.......
#######...##..### #......
#.............>.. #......
#...#.....†.((... #####.....
##...............
.........######.##.....#.(....
.........##.........####.<....
............###.##..####......
..........w.F@................
...!>....######..##.###.##.###
.........# #..##.##..##..##
.........# ##.....##.####...
########## #...^####..###...
##..### ##....... #...#
##.###... ##...######...##...
#......##...#......


You could see a bullfrog and a worm.

Vanquished Creatures
  An adder (D:2)
  2 leopard geckos (D:1)
  3 giant cockroaches (D:1)
  3 goblins (D:1)
  3 hobgoblins (D:1)
  A ball python (D:1)
  2 bats (D:1)
  A frilled lizard (D:1)
  2 kobolds
  4 rats (D:1)
22 creatures vanquished.

Notes
Turn   | Place    | Note
-------+----------+-------------------------------------------
     0 | D:1      | slep the Demonspawn Monk began the quest for the Orb.
     0 | D:1      | Reached XP level 1. HP: 18/18 MP: 1/1
   210 | D:1      | Gained mutation: You sometimes gain a little power by taking damage. [demonic ancestry]
   210 | D:1      | Reached XP level 2. HP: 14/24 MP: 2/2
   699 | D:2      | Reached XP level 3. HP: 14/29 MP: 3/3
   757 | D:2      | Noticed a bullfrog
   770 | D:2      | Slain by a bullfrog

Vault maps used:
D:1:      minmay_arrival_radiant_lines, wad_floor_pattern_2, minmay_unequal
D:2:      grunt_temple_overflow_order_and_chaos_1, serial_curves,
          eino_curves_03, eino_curves_04, chequers_ecumenical_altar_simple_redux

Skill      XL: |  1  2 |
---------------+-------+-----
Dodging        | 3 |  3.1
Stealth        | 2 |  2.0
Polearms       | 3 |  3.1
Fighting       | |  3.2
Armour         | |  0.5

Action                   || total
-------------------------++-------
Melee: Spear             ||    97
 Stab: Sleeping          ||     1
Armor: Leather armour    ||    21
       Robe              ||     1
Dodge: Dodged            ||    63

Table legend:
 A = Spawn XP
 B = Non-spawn XP
 C = Spawn XP percentage of total XP
 D = Spawn monster count
 E = Non-spawn monster count
 F = Spawn count percentage of total count
 G = Total turns spent on level
                    A         B        C        D         E        F      G
               +---------+---------+-------+---------+---------+-------+---------
         Total |       0 |      46 |   0.0 |       0 |      22 |   0.0 |   770
               +---------+---------+-------+---------+---------+-------+---------
           D:1 |       0 |      32 |   0.0 |       0 |      20 |   0.0 |   690
           D:2 |       0 |      14 |   0.0 |       0 |       2 |   0.0 |    80
               +---------+---------+-------+---------+---------+-------+---------
